AoeStats
← Caribe

Arena

508359282Analyzed
1v1 RM · 10d ago on Sep 22, 2026· 25m 44s· 2 players
Game mode
Random Map
Map size
Tiny (2 player)
Population
200
Speed
Normal
Resources
Standard
Victory
Conquest
Starting age
Dark Age
Ending age
Imperial Age
RankedLock teamsTeams togetherTeam positionsShared explorationLock speedFull tech treeHidden civsTurbo modeCheats
Victory
Defeat
🇲🇽 Khmer · Mexico
1240
+18
🇻🇪 Vietnamese · Venezuela
1280
-18
[LCQL]Wlkr
10:40 Feudal Age
10:48 Loom
13:53 Castle Age
12:08 Double-Bit Axe
14:00 Town Watch
Caribe
11:30 Feudal Age
15:29 Castle Age
13:29 Double-Bit Axe
14:02 Horse Collar
14:28 Loom
16:16 Heavy Plow
16:28 Bow Saw
19:28 Forging
Connection lost

Rejoining the realm…

Still unreachable

The connection could not be restored.

Session expired

The server has moved on; the page needs a fresh start.